 Dungeon Crawl Stone Soup version 0.21.1-1-g345015f (webtiles) character file.

536153 IQ20mummyspammer the Hoplite (level 24, -5/206 HPs)
             Began as a Mummy Monk on Feb 27, 2018.
             Was a High Priest of Cheibriados.
             Slain by an ettin
             ... wielding a +0 dire flail
              (27 damage)
             ... on level 5 of the Depths.
             The game lasted 03:10:57 (68174 turns).

IQ20mummyspammer the Hoplite (Mummy Monk)          Turns: 68174, Time: 03:10:59

Health: -5/206     AC: 18    Str: 38    XL:     24   Next: 58%
Magic:  21/30      EV: 10    Int: 19    God:    Cheibriados [*****.]
Gold:   1928       SH: 35    Dex: 33    Spells: 19/23 levels left

rFire    + . .     SeeInvis +     - Unarmed
rCold    + + .     Gourm    .   R - +1 large shield {rC+}
rNeg     + + +     Faith    .   o - +2 plate armour {rF+}
rPois    ∞         Spirit   .   f - +2 helmet
rElec    +         Reflect  +   I - +2 cloak of the Thief {+Fog Slay-2 SInv Stlth+}
rCorr    .         Harm     .   b - +1 pair of gloves {archery}
MR       +++++                  L - +0 pair of boots "Geakkess" {rN+ MR+ Slay+3}
Stlth    ..........             W - +6 amulet of reflection
HPRegen  0.44/turn              w - ring "Muovud" {rElec rN+ MR+ Int-5 Dex+4}
MPRegen  0.22/turn              D - ring of protection from fire {@P2}

@: corroded, very slow
A: no food or potions, fire vulnerability, cold resistance 1, negative energy
resistance 3, torment resistance, unbreathing, in touch with death 1
}: 3/15 runes: decaying, serpentine, silver
a: Bend Time, Temporal Distortion, Slouch, Step From Time, Renounce Religion,
Evoke Fog


You were on level 5 of the Depths.
You worshipped Cheibriados.
Cheibriados was extremely pleased with you.
You were not hungry.

You visited 9 branches of the dungeon, and saw 45 of its levels.
You also visited: Labyrinth.

You collected 5995 gold pieces.
You spent 4067 gold pieces at shops.

Inventory:

Hand Weapons
 J - a +0 blowgun
 M - a +8 demon whip of electrocution
Missiles
 i - 38 tomahawks (quivered)
 k - 18 needles of sleeping
 p - 5 throwing nets
 A - 5 poisoned tomahawks
 N - 14 needles of confusion
 T - 13 curare-tipped needles
Armour
 b - a +1 pair of gloves of archery (worn)
 e - +4 fire dragon scales {Xtahua}
 f - a +2 helmet (worn)
 n - a +1 pair of boots of flying
 o - a +2 plate armour of fire resistance (worn)
 I - the +2 cloak of the Thief (worn) {+Fog Slay-2 SInv Stlth+}
   (You found it on level 5 of the Vaults)

   It affects your accuracy and damage with ranged weapons and melee attacks
   (-2).
   It lets you see invisible.
   It makes you more stealthy.
 L - the +0 pair of boots "Geakkess" (worn) {rN+ MR+ Slay+3}
   (You found it on level 5 of the Vaults)

   It affects your accuracy and damage with ranged weapons and melee attacks
   (+3).
   It protects you from negative energy.
   It affects your resistance to hostile enchantments.
 R - a +1 large shield of cold resistance (worn)
Jewellery
 a - the amulet of Conwer {Spirit Str+4 Slay+5}
   (You took it off a deep elf annihilator on level 3 of the Elven Halls)

   [amulet of guardian spirit]

   It causes incoming damage to be split between your health and magic.
   It affects your strength (+4).
   It affects your accuracy and damage with ranged weapons and melee attacks
   (+5).
 l - an uncursed ring of protection from cold
 q - an uncursed amulet of regeneration
 t - an uncursed ring of teleportation
 u - an uncursed ring of protection from fire
 w - the ring "Muovud" (left hand) {rElec rN+ MR+ Int-5 Dex+4}
   (You bought it in a shop on level 1 of the Orcish Mines)

   [ring of protection from magic]

   It affects your intelligence (-5).
   It affects your dexterity (+4).
   It insulates you from electricity.
   It protects you from negative energy.
   It affects your resistance to hostile enchantments.
 D - a ring of protection from fire (right hand) {@P2}
 K - an uncursed ring of protection from fire
 O - a ring of the Octopus King {rCorr AC+1 EV+1 Str+1 Int+1 Dex+1}
   (You found it in a labyrinth)

   [ring of resist corrosion]

   It affects your AC (+1).
   It affects your evasion (+1).
   It affects your strength (+1).
   It affects your intelligence (+1).
   It affects your dexterity (+1).
 P - an uncursed ring of protection from cold
 Q - an uncursed ring of protection from fire
 W - a +6 amulet of reflection (around neck)
 X - an uncursed ring of see invisible {@P1}
Wands
 h - a wand of digging (27)
 j - a wand of clouds (3)
 s - a wand of acid (13)
 C - a wand of paralysis (47)
 E - a wand of enslavement (20)
 G - a wand of iceblast (7)
 Z - a wand of disintegration (53)
Scrolls
 d - 43 scrolls of remove curse
 g - 6 scrolls of amnesia
 m - 9 scrolls of fear
 v - 2 scrolls of enchant weapon
 x - 6 scrolls of identify
 B - 8 scrolls of fog
 F - 6 scrolls of teleportation
 S - a scroll of silence
 U - a scroll of acquirement
 Y - 2 scrolls of enchant armour
Books
 r - a book of Party Tricks

   Spells                             Type                      Level
   a - Summon Butterflies             Summoning                    1
   b - Apportation                    Translocation                1
   c - Lesser Beckoning               Translocation                3
   d - Tukima's Dance                 Hexes                        3
   e - Alistair's Intoxication        Transmutation/Poison         5
   f - Invisibility                   Hexes                        6
Miscellaneous
 c - a lightning rod (4/4)
 y - a lamp of fire
 H - a phial of floods


   Skills:
 + Level 20.8 Fighting
 - Level 7.9 Armour
 - Level 2.4 Dodging
 - Level 2.0 Stealth
 - Level 21.8 Shields
 - Level 20.0 Unarmed Combat
 - Level 10.0 Invocations
 - Level 10.0 Evocations


You had 19 spell levels left.
You knew the following spells:

 Your Spells              Type           Power        Failure   Level  Hunger
a - Blink                 Tloc           N/A          94%         2    N/A
b - Summon Small Mammal   Summ           #...         86%         1    N/A
c - Summon Butterflies    Summ           #.......     86%         1    N/A

Dungeon Overview and Level Annotations

Branches:
Dungeon (15/15)            Temple (1/1) D:6            Lair (6/6) D:10
  Swamp (4/4) Lair:2        Snake (4/4) Lair:4        Slime (0/5) Lair:6
    Orc (2/2) D:11            Elf (3/3) Orc:2        Vaults (5/5) D:13
  Crypt (0/3) Vaults:3     Depths (5/5) D:15
    Zot: Depths:5

Altars:
Ashenzari
Cheibriados
Dithmenos
Elyvilon
Fedhas
Gozag
Hepliaklqana
Kikubaaqudgha
Makhleb
Nemelex Xobeh
Okawaru
Qazlal
Ru
Sif Muna
Trog
Uskayaw
Vehumet
Wu Jian
Xom
Yredelemnul
Zin
The Shining One

Shops:
D:9 *   Orc:1 =   Orc:2 }==[   Elf:2 %   Snake:1 [   Snake:2 (}?   Vaults:1 [
Vaults:2 }   Vaults:5 !   Depths:1 *

Portals:
Hell: Depths:1 Depths:2 Depths:3 Depths:4
Abyss: Depths:4
Pandemonium: Depths:3
Ziggurat: Depths:4
Trove: D:14 (give +8 demon whip)

Annotations:
D:1 exclusion: downstairs
D:4 exclusion: downstairs
D:5 exclusion: downstairs
D:8 stupid mibe ghost is wandering here, exclusion: downstairs
D:9 dangerous ghost
D:11 exclusion: downstairs
D:12 cyclop + confusing bird, exclusion: downstairs
Swamp:1 GaBe unkillable ghost :^(, exclusion: Roxanne, Roxanne; theElss's ghost, adept GrBe
Orc:2 stone giant left
Elf:2 5 (((((runed doors)))))
Depths:4 exclusion: floating eye


Innate Abilities, Weirdness & Mutations

You do not eat or drink.
Your flesh is vulnerable to fire.
You are immune to poison.
Your flesh is cold resistant. (rC+)
You are immune to negative energy. (rN+++)
You are immune to unholy pain and torment.
You can survive without breathing.
You are in touch with the powers of death.


Message History

Cheibriados lowers the support of your attributes as your movement quickens.
You block the caustic shrike's attack. The caustic shrike barely misses you.
The ettin closely misses you. You block the ettin's attack.
Unknown command.
Unknown command.
Unknown command.
You hit the ettin.
The ettin is severely wounded.
You block the caustic shrike's attack. The caustic shrike claws you!!
* * * LOW HITPOINT WARNING * * *
You are splashed with acid!
The acid burns!
* * * LOW HITPOINT WARNING * * *
You hit the ettin but do no damage.
The ettin is severely wounded.
The caustic shrike claws you!!
* * * LOW HITPOINT WARNING * * *
You are splashed with acid!
The acid burns!
* * * LOW HITPOINT WARNING * * *
You block the ettin's attack. The ettin hits you with a dire flail!!
You die...

######....#
+....'....# .
#....#....#
..######....#
............#
........#####
........#
........#
......†@#########
......b.C.......#
................#
................#
................#
................#
................#
..........%.....#
...............#


You could see a caustic shrike and an ettin.

Vanquished Creatures
  Mara (Depths:1)
  3 juggernauts
  Bai Suzhen (Depths:1)
  6 caustic shrikes
  Xtahua (Depths:3)
  4 golden dragons
  the Enchantress (Depths:3)
  2 liches
  Jorgrun (Swamp:2)
  Rupert (Lair:3)
  5 tentacled monstrosities
  Asterion (Vaults:1)
  2 deep elf blademasters (Elf:3)
  Gastronok (D:12)
  Agnes (D:15)
  6 titans
  3 sphinxes
  2 deep elf master archers (Elf:3)
  4 tengu reavers
  4 shadow dragons (Vaults:5)
  A thorn hunter (Swamp:4)
  3 storm dragons
  7 nagarajas
  6 fire giants
  10 frost giants
  8 deep elf sorcerers
  5 iron dragons
  17 vault wardens
  Aizul (Vaults:4)
  Louise (Depths:4)
  9 deep elf elementalists
  16 very ugly things
  13 ironheart preservers
  7 spriggan defenders
  The ghost of Quirk the Blocker, a journeyman GnFi of Ashenzari (Swamp:1)
  A stone giant (shapeshifter) (Vaults:5)
  16 stone giants
  2 deep elf demonologists (Elf:3)
  A war gargoyle (Vaults:5)
  5 vampire knights
  An entropy weaver (Vaults:5)
  6 deep elf annihilators
  6 spark wasps
  A dire elephant (D:15)
  7 deep elf death magi
  2 crystal guardians (Vaults:4)
  6 fire dragons
  A minotaur (Lab)
  A blizzard demon (Depths:3)
  12 ettins
  Josephine (Swamp:1)
  5 deep elf high priests
  11 yaktaur captains
  3 rakshasas
  7 great orbs of eyes
  29 vault guards
  3 spriggan air magi
  11 ice dragons
  The ghost of Serooblart the Fighter, a novice MiBe of Trog (D:10)
  11 naga warriors
  21 hydras
  3 catoblepae
  The ghost of toffzen the Grappler, a novice TrTm of Okawaru (D:9)
  3 centaur warriors
  34 two-headed ogres
  10 ogre magi
  A merfolk avatar (Lair:6)
  3 ghost crabs
  10 alligators
  15 anacondas
  6 death knights
  13 death yaks
  A queen ant (Lair:3)
  7 deep troll shamans
  6 deep troll earth magi
  6 shock serpents
  3 spriggan berserkers
  6 tengu warriors
  18 dancing weapons
  The ghost of Serooblart the Fighter, a novice MiBe of Trog (D:8)
  2 small abominations
  Sonja (Lair:4)
  11 hell knights
  12 deep elf knights
  10 skeletal warriors
  A fire crab (shapeshifter) (Depths:2)
  13 naga sharpshooters
  2 shadow wraiths
  4 iron trolls
  26 deep trolls
  10 glowing orange brains
  4 sea snakes
  17 swamp dragons
  3 spriggan druids
  3 wizards
  3 unseen horrors
  7 flayed ghosts
  8 deep elf archers
  11 ironbrand convokers
  11 orc knights
  Pikel (D:5)
  13 naga ritualists
  51 deep elf magi
  7 phantasmal warriors
  9 necromancers
  An orb spider (shapeshifter) (Depths:2)
  3 shambling mangroves
  46 ugly things
  11 mana vipers
  A frost giant zombie (Vaults:5)
  3 mana vipers (shapeshifter)
  5 orc sorcerers
  A wolf spider (D:15)
  6 cyclopes
  The ghost of inc the Unseen, a novice FeEn of Dithmenos (Swamp:1)
  30 slime creatures
  A salamander (shapeshifter) (Depths:4)
  2 manticores
  5 salamanders
  A moth of wrath (shapeshifter) (Vaults:5)
  16 elephants
  A stone giant skeleton (Vaults:5)
  A guardian serpent (shapeshifter) (Vaults:5)
  A rust devil (Depths:4)
  2 gargoyles
  12 vault sentinels
  A torpor snail (shapeshifter) (Vaults:2)
  17 spiny frogs
  25 naga magi
  43 black mambas
  A komodo dragon (shapeshifter) (Vaults:3)
  6 centaur skeletons
  3 kobold demonologists
  8 komodo dragons
  29 yaktaurs
  8 freezing wraiths
  5 rime drakes
  A yaktaur zombie (Vaults:2)
  A red devil (Depths:3)
  7 tengu conjurers
  9 tyrant leeches
  3 meliai (D:14)
  4 polar bears (Lair:6)
  A tyrant leech (shapeshifter) (Vaults:2)
  2 trolls
  A tengu simulacrum (Vaults:3)
  A stone giant simulacrum (Vaults:3)
  23 hornets
  15 blink frogs
  9 dream sheep
  An ettin zombie (Vaults:2)
  4 hippogriffs
  4 human simulacra
  9 bog bodies
  Sigmund (D:3)
  A redback (Vaults:5)
  A fire giant simulacrum (Vaults:5)
  4 water elementals
  14 spriggans
  2 air elementals
  An ettin skeleton (Vaults:5)
  A ynoxinul (Depths:3)
  9 wyverns
  Eustachio (D:6)
  4 fire elementals
  4 shadows
  5 hungry ghosts
  8 wraiths
  26 yaks
  8 basilisks
  A swamp worm (shapeshifter) (Vaults:2)
  A chaos spawn (Depths:3)
  2 wargs (Orc:1)
  36 vampire mosquitoes
  2 acid dragons (Vaults:1)
  58 nagas
  4 insubstantial wisps (Swamp:3)
  13 soldier ants (Lair:3)
  14 swamp worms
  14 swamp drakes
  16 water moccasins
  A slave (D:5)
  A black bear (D:7)
  5 porcupines
  6 sky beasts
  34 orc warriors
  A hornet zombie (D:13)
  3 phantoms
  6 necrophages
  28 ogres
  2 eyes of draining (shapeshifter)
  A human zombie (Vaults:2)
  13 wolves
  18 boggarts
  15 centaurs
  9 crocodiles
  19 bullfrogs
  3 big kobolds
  Blork the orc (D:6)
  2 gnoll sergeants
  2 earth elementals (Elf:1)
  A human skeleton (Vaults:2)
  3 scorpions
  5 killer bees (D:9)
  9 wights
  An electric eel (D:10)
  8 crimson imps
  3 howler monkeys
  A bullfrog zombie (D:9)
  6 hounds
  4 quasits
  3 jellies
  11 orc priests
  18 orc wizards
  A bullfrog skeleton (D:9)
  4 iguanas
  48 worker ants
  A hound skeleton (D:3)
  A worker ant zombie (D:8)
  16 gnolls
  16 adders
  2 howler monkey skeletons
  4 shadow imps
  An ooze (D:1)
  4 adder skeletons
  A dart slug (D:2)
  6 leopard geckos
  68 orcs
  5 giant cockroaches
  9 goblins
  5 hobgoblins
  17 jackals
  25 kobolds
  3 quokkas
  5 ball pythons
  12 bats
  2 frilled lizards
  A giant cockroach zombie (D:6)
  A jackal zombie (D:5)
  A quokka skeleton (D:5)
  A quokka zombie (D:7)
  3 rats
1861 creatures vanquished.

Vanquished Creatures (collateral kills)
  A tentacled monstrosity (Vaults:5)
  A tengu warrior (Depths:2)
2 creatures vanquished.

Vanquished Creatures (others)
  A nagaraja (Snake:4)
  2 stone giants
  Nessos (D:12)
  8 yaktaur captains
  2 centaur warriors
  5 naga sharpshooters
  A flayed ghost (Vaults:4)
  2 deep trolls (Vaults:3)
  2 deep elf archers
  A cyclops (D:12)
  A spiny frog (shapeshifter) (Depths:1)
  15 yaktaurs
  A hornet (Swamp:4)
  A naga (Snake:4)
  7 centaurs
  A kobold (D:13)
  8 fungi
  16 plants
75 creatures vanquished.

Grand Total: 1938 creatures vanquished

Notes
Turn   | Place    | Note
-------+----------+-------------------------------------------
     0 | D:1      | IQ20mummyspammer the Mummy Monk began the quest for the Orb.
     0 | D:1      | Reached XP level 1. HP: 18/18 MP: 1/1
   207 | D:1      | Reached XP level 2. HP: 20/24 MP: 2/2
   550 | D:1      | Found a blossoming altar of Fedhas.
   653 | D:1      | Reached XP level 3. HP: 28/29 MP: 3/3
  1435 | D:2      | Reached XP level 4. HP: 35/35 MP: 4/4
  2502 | D:3      | Reached XP level 5. HP: 41/41 MP: 5/5
  2567 | D:3      | Noticed Sigmund
  2852 | D:4      | Reached skill level 5 in Unarmed Combat
  3249 | D:5      | Entered Level 5 of the Dungeon
  3276 | D:5      | Noticed a phantom
  3336 | D:5      | Noticed a slave
  3384 | D:5      | Killed a slave
  3595 | D:5      | Killed a phantom
  3595 | D:5      | Reached XP level 6. HP: 31/47 MP: 6/6
  3625 | D:5      | Noticed Pikel
  3764 | D:5      | Noticed a sky beast
  3927 | D:4      | Killed a sky beast
  3927 | D:4      | Reached XP level 7. HP: 29/52 MP: 7/7
  4560 | D:5      | Killed Pikel
  4560 | D:5      | Reached XP level 8. HP: 56/58 MP: 8/8
  4701 | D:6      | Noticed Eustachio
  4948 | D:6      | Found a staircase to the Ecumenical Temple.
  5111 | Temple   | Entered the Ecumenical Temple
  5267 | Temple   | Became a worshipper of Cheibriados the Contemplative
  5267 | Temple   | Reached * piety under Cheibriados
  5267 | Temple   | Reached ** piety under Cheibriados
  5450 | D:6      | Reached skill level 10 in Unarmed Combat
  5706 | D:6      | Killed Eustachio
  5706 | D:6      | Reached XP level 9. HP: 64/64 MP: 9/9
  5893 | D:7      | Reached skill level 1 in Invocations
  6442 | D:7      | Reached skill level 5 in Fighting
  6828 | D:8      | Noticed a two-headed ogre
  6837 | D:8      | Killed a two-headed ogre
  6837 | D:8      | Reached *** piety under Cheibriados
  7006 | D:8      | Noticed Serooblart's ghost (novice MiBe)
  7188 | D:8      | Noticed a two-headed ogre
  7195 | D:8      | Killed a two-headed ogre
  7195 | D:8      | Reached XP level 10. HP: 48/82 MP: 13/13
  7468 | D:9      | Found Dahyseaf's General Store.
  7486 | D:9      | Bought a scroll of identify for 30 gold pieces
  7516 | D:9      | Reached **** piety under Cheibriados
  7738 | D:9      | Noticed toffzen's ghost (novice TrTm)
  8004 | D:8      | HP: 4/82 [Serooblart's ghost (6)]
  8366 | D:8      | Found a burning altar of Makhleb.
  8461 | D:8      | Killed Serooblart's ghost
  8558 | D:10     | Entered Level 10 of the Dungeon
  8575 | D:10     | Reached skill level 5 in Invocations
  8724 | D:10     | Noticed Serooblart's ghost (novice MiBe)
  8757 | D:10     | Killed Serooblart's ghost
  8757 | D:10     | Reached XP level 11. HP: 20/87 MP: 15/15
  9407 | D:10     | Found a staircase to the Lair.
  9702 | Lair:1   | Entered Level 1 of the Lair of Beasts
  9822 | D:11     | Reached skill level 1 in Armour
  9915 | D:11     | Reached ***** piety under Cheibriados
  9952 | D:11     | Noticed a two-headed ogre
  9964 | D:11     | Killed a two-headed ogre
  9976 | D:11     | Noticed a two-headed ogre
  9989 | D:11     | Killed a two-headed ogre
 10157 | D:11     | Found a staircase to the Orcish Mines.
 10586 | D:12     | Found a shadowy altar of Dithmenos.
 10593 | D:12     | Noticed a two-headed ogre
 10606 | D:11     | Killed a two-headed ogre
 10606 | D:11     | Reached skill level 1 in Shields
 10608 | D:11     | Reached skill level 2 in Shields
 10710 | D:12     | Noticed Gastronok
 10722 | D:12     | Killed Gastronok
 10722 | D:12     | Reached skill level 4 in Shields
 10808 | D:12     | Reached XP level 12. HP: 94/94 MP: 16/16
 10810 | D:12     | Noticed a two-headed ogre
 10825 | D:12     | Killed a two-headed ogre
 10825 | D:12     | Reached skill level 5 in Shields
 11051 | Orc:1    | Entered Level 1 of the Orcish Mines
 11077 | Orc:1    | Reached ****** piety under Cheibriados
 11106 | Orc:1    | Reached skill level 6 in Shields
 11285 | Orc:2    | Entered Level 2 of the Orcish Mines
 11291 | Orc:2    | Found a staircase to the Elven Halls.
 12411 | Lair:2   | Found a staircase to the Swamp.
 13244 | Lair:3   | Noticed a queen ant
 13259 | Lair:3   | Killed a queen ant
 13370 | Lair:3   | Gained mutation: You are in touch with the powers of death. [Mummy growth]
 13370 | Lair:3   | Reached XP level 13. HP: 94/101 MP: 17/17
 13574 | Lair:3   | Reached skill level 10 in Fighting
 13855 | Lair:3   | Noticed Rupert
 13863 | Lair:3   | Killed Rupert
 14595 | Lair:4   | Found a staircase to the Snake Pit.
 14595 | Lair:4   | Noticed Sonja
 14615 | Lair:4   | Killed Sonja
 15448 | Lair:5   | Reached skill level 15 in Unarmed Combat
 15723 | Lair:5   | Reached skill level 5 in Armour
 16316 | Lair:5   | Reached XP level 14. HP: 111/111 MP: 18/18
 16638 | Lair:6   | Entered Level 6 of the Lair of Beasts
 16849 | Lair:6   | Got a bloodstained leather armour
 16855 | Lair:6   | Found a staircase to the Slime Pits.
 17366 | Lair:6   | Identified the +3 leather armour of Jiepi {rElec Regen+} (You found it on level 6 of the Lair of Beasts)
 18499 | Orc:2    | Found Uqeogupt's Jewellery Emporium.
 18499 | Orc:2    | Found Tikhlyl's Jewellery Shop.
 18501 | Orc:2    | Found Qumeij's Armour Boutique.
 18503 | Orc:2    | Found Moal's Gadget Shoppe.
 18586 | Orc:2    | Bought a +6 amulet of reflection for 1053 gold pieces
 18586 | Orc:2    | Bought an uncursed ring of see invisible for 270 gold pieces
 18804 | Orc:2    | Noticed a stone giant
 19323 | Orc:1    | Found Wuphup's Jewellery Emporium.
 20377 | D:6      | Noticed Blork the orc
 20379 | D:6      | Killed Blork the orc
 20668 | D:3      | Killed Sigmund
 20863 | D:9      | Killed toffzen's ghost
 21110 | D:12     | Noticed Nessos
 21131 | D:12     | Killed Nessos
 21886 | D:13     | Reached XP level 15. HP: 67/127 MP: 19/19
 22102 | D:13     | Found a gate to the Vaults.
 22864 | D:14     | Reached skill level 15 in Fighting
 23548 | D:14     | Found a portal to a secret trove of treasure.
 23954 | D:15     | Entered Level 15 of the Dungeon
 24008 | D:15     | Found a labyrinth entrance.
 24016 | Lab      | Entered a labyrinth
 24586 | Lab      | Found the ring of the Octopus King
 24597 | Lab      | Got a ring of the Octopus King
 24636 | Lab      | Identified a ring of the Octopus King {rCorr AC+1 EV+1 Str+1 Int+1 Dex+1} (You found it in a labyrinth)
 24815 | Orc:1    | Bought the ring "Muovud" {rElec rN+ MR+ Int-5 Dex+4} for 575 gold pieces
 25465 | D:15     | Noticed Agnes
 25476 | D:15     | Killed Agnes
 25584 | D:15     | Found a staircase to the Depths.
 26212 | D:15     | Found a white marble altar of Elyvilon.
 26253 | D:15     | Found an opulent altar of Gozag.
 26412 | Depths:1 | Entered Level 1 of the Depths
 26603 | Elf:1    | Entered Level 1 of the Elven Halls
 28212 | Elf:2    | Reached XP level 16. HP: 136/136 MP: 20/22
 28583 | Elf:2    | Found Ezasashra's Food Shop.
 28637 | Elf:2    | Found a huge runed gate.
 28637 | Elf:2    | Found a huge runed gate.
 28637 | Elf:2    | Found a huge runed gate.
 28637 | Elf:2    | Found a huge runed gate.
 28641 | Elf:2    | Found a huge runed gate.
 28836 | Elf:3    | Entered Level 3 of the Elven Halls
 29985 | Swamp:1  | Entered Level 1 of the Swamp
 30023 | Swamp:1  | Noticed Josephine
 30023 | Swamp:1  | Noticed Quirk's ghost (journeyman GnFi)
 30036 | Swamp:1  | Killed Josephine
 30371 | Swamp:1  | Killed Quirk's ghost
 30489 | Swamp:1  | Reached skill level 1 in Evocations
 30652 | Swamp:1  | Noticed Roxanne
 30970 | Swamp:1  | Reached skill level 10 in Invocations
 30976 | Swamp:1  | Noticed inc's ghost (novice FeEn)
 30985 | Swamp:1  | Killed inc's ghost
 31164 | Swamp:1  | Noticed theElss's ghost (adept GrBe)
 31837 | Swamp:2  | Noticed Jorgrun
 31863 | Swamp:2  | Reached XP level 17. HP: 105/142 MP: 18/24
 31869 | Swamp:2  | Killed Jorgrun
 33097 | Swamp:3  | Got a slimy scale mail
 33098 | Swamp:3  | Identified the +4 scale mail of the Pleiades {+Inv} (You found it on level 3 of the Swamp)
 34012 | Swamp:4  | Entered Level 4 of the Swamp
 35187 | Swamp:4  | Got a decaying rune of Zot
 36155 | Orc:2    | Bought an uncursed ring of protection from fire for 450 gold pieces
 36744 | Lair:2   | Learned a level 2 spell: Blink
 36746 | Lair:2   | Learned a level 1 spell: Summon Small Mammal
 37566 | Elf:3    | Noticed a deep elf blademaster
 37583 | Elf:3    | Killed a deep elf blademaster
 37602 | Elf:3    | Noticed a deep elf master archer
 37616 | Elf:3    | Killed a deep elf master archer
 38391 | Elf:3    | Reached XP level 18. HP: 153/153 MP: 15/25
 39292 | Elf:3    | Got a slimy flail {crush}
 39407 | Elf:3    | Got a fine crystal amulet
 39990 | Elf:3    | Learned a level 1 spell: Summon Butterflies
 40112 | Elf:3    | Got a crude leather armour
 40113 | Elf:3    | Identified the amulet of Conwer {Spirit Str+4 Slay+5} (You took it off a deep elf annihilator on level 3 of the Elven Halls)
 40116 | Elf:3    | Identified the cursed +1 leather armour of the Cicada {rC+ MR++} (You took it off a deep elf mage on level 3 of the Elven Halls)
 40327 | Snake:1  | Entered Level 1 of the Snake Pit
 40827 | Snake:1  | Found Taru's Antique Armour Shop.
 40845 | Snake:1  | Bought a pair of glowing gloves for 202 gold pieces
 41739 | Snake:2  | Found Mel Load's Magic Scroll Emporium.
 41749 | Snake:2  | Bought a scroll of blinking for 105 gold pieces
 41749 | Snake:2  | Bought a scroll of fog for 28 gold pieces
 41947 | Snake:2  | Found Judomp's Gadget Shop.
 42370 | Snake:2  | Reached skill level 5 in Evocations
 42631 | Snake:2  | Found Xuyn's Antique Weapon Emporium.
 43304 | Snake:3  | Reached XP level 19. HP: 164/164 MP: 26/26
 43451 | Snake:4  | Entered Level 4 of the Snake Pit
 44588 | Snake:4  | Reached skill level 10 in Evocations
 44802 | Snake:4  | Reached skill level 7 in Shields
 45146 | Snake:4  | Got a serpentine rune of Zot
 45700 | Orc:2    | Bought a lamp of fire for 600 gold pieces
 45838 | Vaults:1 | Entered Level 1 of the Vaults
 45883 | Vaults:1 | Reached skill level 8 in Shields
 46040 | Vaults:1 | Noticed Asterion
 46058 | Vaults:1 | Killed Asterion
 46063 | Vaults:1 | Reached skill level 9 in Shields
 46502 | Vaults:1 | Found Ucroeg's Antique Armour Shop.
 46518 | Vaults:1 | Bought an embroidered hat for 154 gold pieces
 46972 | Vaults:1 | Reached skill level 10 in Shields
 47038 | Vaults:1 | Identified the Papyrus of Plasticity
 47446 | Vaults:2 | Reached skill level 11 in Shields
 47458 | Vaults:2 | Found Losmumix's Gadget Shop.
 47801 | Vaults:1 | Reached skill level 12 in Shields
 48101 | Vaults:2 | Reached XP level 20. HP: 160/172 MP: 27/27
 48342 | Vaults:2 | Reached skill level 13 in Shields
 49297 | Vaults:3 | Reached skill level 14 in Shields
 49851 | Vaults:3 | Found a staircase to the Crypt.
 50117 | Vaults:3 | Reached skill level 15 in Shields
 51557 | Vaults:4 | Noticed Aizul
 51563 | Vaults:4 | Killed Aizul
 51957 | Vaults:4 | Reached XP level 21. HP: 171/179 MP: 28/28
 53760 | Vaults:5 | Entered Level 5 of the Vaults
 53942 | Vaults:5 | Noticed a golden dragon
 54332 | Vaults:4 | Killed a golden dragon
 55027 | Orc:2    | Bought a phial of floods for 600 gold pieces
 56172 | Vaults:5 | Noticed a golden dragon
 56194 | Vaults:4 | Killed a golden dragon
 56626 | Vaults:5 | Reached skill level 16 in Shields
 56701 | Vaults:5 | Noticed a golden dragon
 56710 | Vaults:5 | Killed a golden dragon
 56710 | Vaults:5 | Reached XP level 22. HP: 168/190 MP: 29/29
 57839 | Vaults:5 | Reached skill level 17 in Shields
 57862 | Vaults:5 | Got a wavering steel ring
 57863 | Vaults:5 | Identified the ring of Adghofa {Str+3 Int+3 Dex+3} (You found it on level 5 of the Vaults)
 57868 | Vaults:5 | Found the +2 cloak of the Thief {+Fog Slay-2 SInv Stlth+}
 57875 | Vaults:5 | Got a silver rune of Zot
 57903 | Vaults:5 | Got a pair of smoking boots
 57914 | Vaults:5 | Identified the cursed +0 pair of boots "Geakkess" {rN+ MR+ Slay+3} (You found it on level 5 of the Vaults)
 57919 | Vaults:5 | Identified the Incunabulum of Venomous Lightness
 58553 | Vaults:5 | Found Vahof's Distillery.
 59050 | Depths:1 | Noticed Mara
 59074 | Depths:1 | Noticed IQ20mummyspammer's illusion
 59078 | Depths:1 | Killed Mara
 59506 | Depths:1 | Found Weneniy's Pet Rocks.
 59865 | Depths:1 | Reached skill level 18 in Shields
 60142 | Depths:1 | Found a gateway to Hell.
 60369 | Depths:1 | Noticed Bai Suzhen
 60379 | Depths:1 | Killed Bai Suzhen
 61239 | Depths:2 | Reached XP level 23. HP: 169/196 MP: 30/30
 61754 | Depths:2 | Reached skill level 19 in Shields
 61766 | Depths:2 | Noticed a juggernaut
 61779 | Depths:2 | Killed a juggernaut
 62624 | Depths:2 | Identified a scroll of acquirement
 62804 | Depths:2 | Reached skill level 20 in Shields
 63091 | Depths:3 | Noticed the Enchantress
 63102 | Depths:3 | Killed the Enchantress
 64255 | Depths:3 | Noticed Xtahua
 64554 | Depths:3 | Killed Xtahua
 64954 | Depths:3 | Noticed a juggernaut
 64962 | Depths:3 | Killed a juggernaut
 64962 | Depths:3 | Reached skill level 21 in Shields
 64989 | Depths:3 | Reached XP level 24. HP: 94/204 MP: 30/30
 65306 | Depths:3 | Found a one-way gate leading to the halls of Pandemonium.
 65458 | Depths:3 | Got faerie dragon scales
 65459 | Depths:3 | Identified the +0 faerie dragon scales {rCorr Int+4} (You took it off the Enchantress on level 3 of the Depths)
 66314 | Depths:4 | Found a one-way gate to the infinite horrors of the Abyss.
 66314 | Depths:4 | Noticed Louise
 66327 | Depths:4 | Killed Louise
 66361 | Depths:4 | Found a snail-covered altar of Cheibriados.
 67202 | Depths:4 | Noticed a juggernaut
 67208 | Depths:4 | Killed a juggernaut
 67586 | Depths:4 | Found a gateway to a ziggurat.
 67586 | Depths:4 | Paralysed by a floating eye for 3 turns
 68100 | Depths:5 | Entered Level 5 of the Depths
 68174 | Depths:5 | Slain by an ettin

Skill      XL: |  1  2  3  4  5  6  7  8  9 10 11 12 13 14 15 16 17 18 19 20 21 22 23 |
---------------+----------------------------------------------------------------------+-----
Unarmed Combat | 3 4 6 8 10 11 12 14 15 16 17 18 19 20 | 20.0
Invocations    | 4 5 6 8 10 | 10.0
Fighting       | 8 9 10 14 15 16 18 20 | 20.8
Armour         | 3 4 6 7 |  7.9
Shields        | 4 6 12 15 16 18 21 | 21.8
Stealth        | 2 |  2.0
Evocations     | 3 7 10 | 10.0
Dodging        | |  2.4

Action                   |  1- 3 |  4- 6 |  7- 9 | 10-12 | 13-15 | 16-18 | 19-21 | 22-24 || total
-------------------------+-------+-------+-------+-------+-------+-------+-------+-------++-------
Melee: Unarmed           |   134 |   331 |   358 |   879 |  1388 |  1724 |  1662 |  1365 ||  7841
       Punch             |     2 |     4 |    11 |    41 |       |       |       |       ||    58
 Fire: Blowgun           |       |       |       |       |       |     6 |       |       ||     6
Invok: Slouch            |       |       |       |     1 |    12 |    13 |    19 |    16 ||    61
       Temporal Distorti |       |       |       |       |       |     1 |       |       ||     1
 Abil: Evoke Flight      |       |       |       |       |     3 |     1 |       |       ||     4
Evoke: Wand              |       |     2 |     6 |     6 |     6 |     3 |     3 |       ||    26
       Lightning rod     |       |       |       |       |    17 |    12 |    14 |     8 ||    51
       Phantom mirror    |       |       |       |       |       |     1 |       |       ||     1
       Lamp of fire      |       |       |       |       |       |       |     6 |     2 ||     8
       Phial of floods   |       |       |       |       |       |       |     2 |     2 ||     4
  Use: Scroll            |     4 |     3 |     7 |     7 |    15 |    15 |     9 |    14 ||    74
 Stab: Sleeping          |     1 |       |       |       |       |       |       |       ||     1
       Confused          |       |       |       |       |       |     1 |       |     1 ||     2
       Distracted        |       |       |       |       |       |       |     4 |     2 ||     6
Armor: Robe              |     4 |       |       |       |       |       |       |       ||     4
       Plate armour      |    94 |   222 |   159 |   301 |   467 |   758 |   413 |   332 ||  2746
       Fire dragon scale |       |       |       |       |       |       |     2 |    18 ||    20
Dodge: Dodged            |    31 |   145 |   136 |   472 |   471 |   543 |   235 |   183 ||  2216
Block: Buckler           |       |       |       |   151 |   608 |  1167 |   186 |       ||  2112
       Reflection        |       |       |       |       |    21 |    93 |   171 |   101 ||   386
       Large shield      |       |       |       |       |       |       |  1328 |  1654 ||  2982
       Shield            |       |       |       |       |       |       |   118 |       ||   118
